 Dungeon Crawl Stone Soup version 0.32-a0-468-g38b2580584 (webtiles) character file.

Game seed: 3305624479367065326

9 shoop the Chopper (level 2, 19/24 HPs)
             Began as a Mountain Dwarf Warper on Feb 25, 2024.
             Got out of the dungeon alive.
             The game lasted 00:01:28 (173 turns).

shoop the Chopper (Mountain Dwarf Warper)            Turns: 173, Time: 00:01:28

Health: 19/24      AC:  3    Str: 13    XL:     2   Next: 3%
Magic:  4/4        EV: 11    Int: 13    God:
Gold:   0          SH:  0    Dex:  9    Spells: 4/4 levels left

rFire   . . .        a - +0 hand axe
rCold   . . .        (no shield)
rNeg    . . .        b - +0 leather armour
rPois   .            (no helmet)
rElec   .            (no cloak)
rCorr   .            (no gloves)
SInv    .            (no boots)
Will    .....        (no amulet)
Stlth   +            (no ring)
HPRegen 0.24/turn    (no ring)
MPRegen 0.09/turn

%: no passive effects
@: no status effects
A: runic magic, artefact enchanting
a: no special abilities


You escaped.
You visited 1 branch of the dungeon, and saw 1 of its levels.

Inventory:

Hand Weapons
 a - a +0 hand axe (weapon)
Missiles
 d - 7 darts of dispersal (quivered)
Armour
 b - a +0 leather armour (worn)
Scrolls
 c - a scroll of blinking


   Skills:
 - Level 2.1 Fighting
 + Level 3.0 Axes
 + Level 1.3 Throwing
 - Level 1.1 Armour
 - Level 1.3 Dodging
 - Level 1.7 Spellcasting
 - Level 2.4 Translocations


You had 4 spell levels left.
You didn't know any spells.
Your spell library contained the following spells:

 Spells                   Type           Power      Damage    Failure   Level
 Blink                    Tloc           14%        N/A       16%         2
 Lesser Beckoning         Tloc           14%        N/A       16%         2
 Teleport Other           Tloc           7%         N/A       30%         3
 Cigotuvi's Dreadful Rot  Necr/Alch/Air  2%         N/A       38%         2
 Manifold Assault         Tloc           7%         N/A       69%         4
 Vhi's Electric Charge    Tloc/Air       8%         N/A       86%         4
 Airstrike                Air            0%         2d(1-17)  95%         4
 Curse of Agony           Necr           1%         N/A       100%        5
 Freezing Cloud           Conj/Ice/Air   0%         6-21      100%        5


Dungeon Overview and Level Annotations

Branches:
Dungeon (1/15)

Altars:


Innate Abilities, Weirdness & Mutations

Your spellcasting is much less encumbered by armour.
You can use scrolls of enchantment on lesser artefacts.


Message History

No target in view!
No target in view!
No target in view!
A quokka comes into view.
Found Ymohix's Spellbook of the Cruentate Tempest.
You closely miss the quokka. The quokka barely misses you.
You hit the quokka but do no damage. The quokka bites you. x2
You barely miss the quokka. The quokka barely misses you.
You barely miss the quokka.
The quokka bites you but does no damage.
The quokka closely misses you.
You closely miss the quokka. The quokka bites you.
You hit the quokka.
The quokka is moderately wounded.
The quokka bites you.
You hit the quokka.
You kill the quokka!
No target in view!
You pick up Ymohix's Spellbook of the Cruentate Tempest and begin reading...
It was Ymohix's Spellbook of the Cruentate Tempest.
You add the spells Cigotuvi's Dreadful Rot, Airstrike, Freezing Cloud and Curse of Agony to your library.
A jackal comes into view.
You barely miss the jackal.
The jackal bites you but does no damage.
You barely miss the jackal. The jackal barely misses you.
The jackal completely misses you.
You barely miss the jackal. The jackal bites you. The jackal barely misses you.
You hit the jackal but do no damage. The jackal barely misses you.
You hit the jackal.
The jackal is heavily wounded.
The jackal bites you. x2
You hit the jackal but do no damage.
The jackal is heavily wounded.
The jackal closely misses you.
You hit the jackal.
You kill the jackal!
Your Axes skill increases to level 3!
You have reached level 2!
There is a staircase leading out of the dungeon here.
You have escaped!

...#..###.........###.†.#
#.#.## ##.......## ##..#
#...# #.......# #..#
#.#.## ##.......## #..#
#....###.........###...#
#......................#
#.#....................#
#.#.......^............# #
#...........@.........
#.###.....................
#.....#..................
####....................
##.......###.........###
#.......## ##.......##
#.......# #.......#
#.#.....# #.......#
#.#.##...# ....


There were no monsters in sight!

Vanquished Creatures
  An endoplasm (D:1)
  3 jackals (D:1)
  A kobold (D:1)
  A quokka (D:1)
  A bat (D:1)
7 creatures vanquished.

Notes
Turn   | Place    | Note
-------+----------+-------------------------------------------
     0 | D:1      | shoop the Mountain Dwarf Warper began the quest for the
                  | Orb.
     0 | D:1      | Reached XP level 1. HP: 17/17 MP: 3/3
    32 | D:1      | Reached skill level 1 in Throwing
   147 | D:1      | Got Ymohix's Spellbook of the Cruentate Tempest
   161 | D:1      | Reached skill level 3 in Axes
   161 | D:1      | Reached XP level 2. HP: 16/24 MP: 4/4
   173 | D:$      | Got out of the dungeon alive.

Illustrated notes

Levels and vault maps discovered:
D:1:      minmay_arrival_four_circles, layout_basic,
          dreamdust_ecumenical_altar_grove

Skill      XL: |  1 |
---------------+----+-----
Throwing       | 1 |  1.3
Axes           | 3 |  3.0
Fighting       | |  2.1
Armour         | |  1.1
Dodging        | |  1.3
Spellcasting   | |  1.7
Translocations | |  2.4

Action                     || total
---------------------------++-------
  Melee: Hand axe          ||    34
 Armour: Leather armour    ||    30
  Dodge: Dodged            ||    26

Table legend: (Time is in decaauts)
 A = Elapsed time spent in this place.
 B = Non-inter-level travel time spent in this place.
 C = Inter-level travel time spent in this place.
 D = Time resting spent in this place.
 E = Time spent auto-exploring this place.
 F = Levels seen in this place.
 G = Mean time per level.
                   A        B        C        D        E       F      G
               +--------+--------+--------+--------+--------+-----+--------+
         Total |    178 |    167 |     11 |      0 |    106 |   1 |  178.0 |
       Dungeon |    178 |    167 |     11 |      0 |    106 |   1 |  178.0 |
               +--------+--------+--------+--------+--------+-----+--------+

Top non-repeatable levels by time:
     D:1: 178 daAuts
